 Dungeon Crawl Stone Soup version 0.28-a0-1084-ga282ea2 (webtiles) character file.

Game seed: 13919500553078458112

4957 HDogLeCool the Cleaver (level 10, -6/86 HPs)
             Began as a Pale Draconian Fighter on Dec 10, 2021.
             Was a Believer of the Shining One.
             Mangled by a boulder beetle (20 damage)
             ... on level 9 of the Dungeon.
             The game lasted 00:18:05 (8560 turns).

HDogLeCool the Cleaver (Pale Draconian Fighter)     Turns: 8560, Time: 00:18:08

Health: -6/86      AC: 14    Str: 21    XL:     10   Next: 28%
Magic:  16/16      EV: 13    Int: 10    God:    the Shining One [**....]
Gold:   363        SH:  4    Dex: 11    Spells: 17/17 levels left

rFire   . . .      SeeInvis .   a - +1 war axe
rCold   . . .      Faith    .   b - +0 buckler
rNeg    + . .      Spirit   .   (armour unavailable)
rPois   .          Reflect  .   (helmet restricted)
rElec   .          Harm     .   o - +0 cloak
rCorr   .          Rampage  .   B - +0 pair of gloves
Will    .....                   y - +0 pair of boots
Stlth   +.........              m - amulet of magic regeneration
HPRegen 0.24/turn               d - +4 ring of slaying
MPRegen 0.55/turn               A - +4 ring of protection

@: short of breath, glowing
A: breathe steam, AC +7, unfitting armour, cold-blooded, steam resistance
a: Breathe Steam, Renounce Religion, Divine Shield


You were on level 9 of the Dungeon.
You worshipped the Shining One.
The Shining One was pleased with you.
You visited 2 branches of the dungeon, and saw 10 of its levels.
You also visited: Sewer.

You collected 363 gold pieces.

Inventory:

Hand Weapons
 a - a +1 war axe (weapon)
Missiles
 n - 112 stones (quivered)
 p - 16 poisoned darts
Armour
 b - a +0 buckler (worn)
 o - a +0 cloak (worn)
 y - a +0 pair of boots (worn)
 B - a +0 pair of gloves (worn)
Jewellery
 d - a +4 ring of slaying (left hand)
 k - a ring of see invisible
 m - an amulet of magic regeneration (around neck)
 A - a +4 ring of protection (right hand)
 F - an amulet of faith
 H - a +6 ring of strength
Wands
 q - a wand of mindburst (8)
 w - a wand of iceblast (4)
 E - a wand of polymorph (12)
 G - a wand of flame (1)
 J - a wand of digging (5)
Scrolls
 e - 5 scrolls of enchant weapon
 f - 3 scrolls of vulnerability
 g - 3 scrolls of fog
 j - 2 scrolls of fear
 u - 3 scrolls of teleportation
 C - 2 scrolls of immolation {unknown}
 D - a scroll of enchant armour {unknown}
 I - a scroll of brand weapon {unknown}
Potions
 c - a potion of might
 h - a potion of resistance
 i - a potion of brilliance
 l - 2 potions of flight
 r - a potion of cancellation
 s - 3 potions of haste
 t - 2 potions of mutation
 x - 5 potions of curing


   Skills:
 + Level 7.0 Fighting
 * Level 12.4 Axes
 + Level 3.9 Dodging
 - Level 2.5 Stealth
 - Level 4.0 Shields
 - Level 4.2 Spellcasting


You had 17 spell levels left.
You didn't know any spells.
Your spell library contained the following spells:

 Spells                   Type           Power      Damage    Failure   Level
 Tukima's Dance           Hex            2%         N/A       58%         3
 Passage of Golubria      Tloc           2%         N/A       94%         4
 Yara's Violent Unravell  Hex/Tmut       1%         3d3       100%        5


Dungeon Overview and Level Annotations

Branches:
Dungeon (9/15)             Temple (1/1) D:4            Lair (0/6) D:9
    Orc (0/2) D:9           Sewer (visited)

Altars:
Ashenzari
Cheibriados
Dithmenos
Elyvilon
Fedhas
Gozag
Hepliaklqana
Kikubaaqudgha
Makhleb
Nemelex Xobeh
Okawaru
Qazlal
Ru
Sif Muna
Trog
Vehumet
Xom
Yredelemnul
Zin
The Shining One

Shops:
D:7 *   D:9 [

Annotations:
D:6 2 transporters, Caerwyn's ghost, novice OgTm
D:9 Erolcha


Innate Abilities, Weirdness & Mutations

You can breathe blasts of scalding, opaque steam.
Your pale cyan-grey scales are hard. (AC +7)
You cannot fit into any form of body armour.
You are cold-blooded and may be slowed by cold attacks.
You are immune to the effects of steam.


Message History

Found a potion of mutation.
Found a scroll of teleportation.
Found 22 stones.
A boulder beetle comes into view.
The boulder beetle curls into a ball and begins rolling!
You slash the boulder beetle!
The boulder beetle is lightly wounded.
The boulder beetle barely misses you.
The boulder beetle stops rolling and uncurls.
You slash the boulder beetle!
The boulder beetle is moderately wounded.
The boulder beetle bites you!
You slash the boulder beetle!
You tail-slap the boulder beetle, but do no damage.
The boulder beetle is moderately wounded.
The boulder beetle bites you!!
You hit the boulder beetle.
The boulder beetle is moderately wounded.
The boulder beetle bites you!!
You hit the boulder beetle.
The boulder beetle is heavily wounded.
The boulder beetle bites you.
You hit the boulder beetle.
The boulder beetle is heavily wounded.
The boulder beetle leaps!
The boulder beetle curls into a ball and begins rolling!
You see here 22 stones.
The boulder beetle hits you!!
* * * LOW HITPOINT WARNING * * *
The boulder beetle stops rolling and uncurls.
You hit the boulder beetle but do no damage.
The boulder beetle is heavily wounded.
Aiming: Breathe Steam (1% risk of failure)
Press: ? - help, Shift-Dir - straight line You exhale a blast of scalding steam.
The ball of steam hits the boulder beetle!
The boulder beetle is heavily wounded.
The boulder beetle is engulfed in a cloud of scalding steam.
The boulder beetle bites you!!
You die...

# ##...##
#.##...h.#
###.........
°...........#
####°..##.###T....
#§.○.........<....
#°##...##.......>.
#B# ###.####..#.
##@###.# # #....
#!.....# #..#.
#..##### #..#.
#..# #....
#..#######. #..#.
#........?. ...#.
##.#######. #.....
#.# #. #.#.#. #.#
#. #.# ..


You could see a boulder beetle.

Vanquished Creatures
  A two-headed ogre (D:8)
  A manticore (D:9)
  2 trolls
  A hornet (D:7)
  An acid dragon (D:8)
  A sky beast (D:8)
  2 orc warriors
  2 ogres
  A wolf (D:9)
  10 centaurs
  A kobold brigand (D:8)
  A phantom (D:6)
  2 bullfrogs
  A wyvern skeleton (D:7)
  2 scorpions (D:5)
  2 vampire bats (D:3)
  An electric eel (D:9)
  A howler monkey (D:2)
  A crimson imp (D:7)
  2 jellies
  A centaur zombie (D:8)
  7 hounds
  3 orc priests
  3 gnoll shamans
  Jessica (D:2)
  2 bullfrog skeletons
  Natasha (twice) (D:2)
  Terence (D:2)
  5 iguanas
  6 orc wizards
  2 hound skeletons
  11 gnolls
  9 adders
  A river rat (Sewer)
  3 shadow imps
  A white imp (D:7)
  2 ufetubi (D:7)
  4 worms
  3 dart slugs
  27 orcs
  4 bats
  A bat skeleton (D:3)
  4 bat zombies (D:3)
  5 endoplasms
  2 giant cockroaches
  5 goblins
  5 hobgoblins
  4 jackals
  4 quokkas
  14 ball pythons
  16 frilled lizards
  5 kobolds
  12 rats
211 creatures vanquished.

Vanquished Creatures (others)
  9 plants (D:4)
9 creatures vanquished.

Grand Total: 220 creatures vanquished

Notes
Turn   | Place    | Note
-------+----------+-------------------------------------------
     0 | D:1      | HDogLeCool the Draconian Fighter began the quest for the
                  | Orb.
     0 | D:1      | Reached XP level 1. HP: 19/19 MP: 1/1
   112 | D:1      | Reached XP level 2. HP: 21/26 MP: 2/2
   641 | D:2      | Noticed Natasha
   645 | D:2      | Noticed a crimson imp
   798 | D:2      | Killed Natasha
   799 | D:2      | Reached XP level 3. HP: 19/33 MP: 2/4
  1084 | D:2      | Reached skill level 1 in Spellcasting
  1084 | D:2      | Reached XP level 4. HP: 40/40 MP: 5/5
  1132 | D:2      | Noticed Jessica
  1138 | D:2      | Killed Jessica
  1139 | D:2      | Reached skill level 3 in Axes
  1245 | D:2      | Reached XP level 5. HP: 46/46 MP: 7/7
  1329 | D:2      | Noticed Natasha
  1335 | D:2      | Killed Natasha
  1336 | D:2      | Reached skill level 4 in Axes
  1338 | D:2      | Noticed Terence
  1341 | D:2      | Killed Terence
  1596 | D:3      | Found an ancient bone altar of Kikubaaqudgha.
  1602 | D:3      | Reached skill level 5 in Axes
  1602 | D:3      | Reached XP level 6. HP: 48/52 MP: 8/8
  1674 | D:3      | Found a sparkling altar of Nemelex Xobeh.
  2254 | D:3      | Found a white marble altar of Elyvilon.
  2416 | D:4      | Reached skill level 6 in Axes
  2421 | D:4      | Your scales start taking on a pale cyan-grey colour.
  2421 | D:4      | Reached XP level 7. HP: 38/59 MP: 10/10
  2421 | D:4      | Gained mutation: You are immune to the effects of steam.
                  | [Pale Draconian growth]
  2556 | D:4      | You fall into a shaft and drop 1 floor!
  2556 | D:5      | Entered Level 5 of the Dungeon
  2587 | D:5      | Found a glowing golden altar of the Shining One.
  2822 | D:5      | Found a glowing drain.
  2836 | Sewer    | Entered a sewer
  2933 | Sewer    | Reached skill level 7 in Axes
  3410 | D:5      | Reached skill level 1 in Stealth
  3917 | D:4      | Found a blossoming altar of Fedhas.
  3966 | D:4      | Found a staircase to the Ecumenical Temple.
  3984 | Temple   | Entered the Ecumenical Temple
  4116 | D:5      | Became a worshipper of the Shining One
  4156 | D:6      | Reached XP level 8. HP: 62/67 MP: 10/12
  4162 | D:6      | Reached skill level 8 in Axes
  4337 | D:6      | Found a snail-covered altar of Cheibriados.
  4475 | D:6      | Found a hazy altar of Hepliaklqana.
  4802 | D:6      | Found a transporter.
  4802 | D:6      | Found a transporter.
  4802 | D:6      | Noticed Caerwyn's ghost (novice OgTm)
  5124 | D:7      | Noticed a hornet
  5131 | D:7      | Killed a hornet
  5132 | D:7      | Reached skill level 5 in Fighting
  5132 | D:7      | Reached skill level 9 in Axes
  5255 | D:7      | Reached * piety under the Shining One
  5538 | D:7      | Found a radiant altar of Vehumet.
  5542 | D:7      | Reached XP level 9. HP: 74/74 MP: 14/14
  5542 | D:7      | Found a burning altar of Makhleb.
  5630 | D:7      | Reached skill level 10 in Axes
  5770 | D:7      | Found a shimmering blue altar of Sif Muna.
  6070 | D:7      | Found Iliashri's Assorted Antiques.
  6820 | D:8      | Reached skill level 11 in Axes
  6943 | D:8      | Reached ** piety under the Shining One
  7269 | D:9      | Noticed a troll
  7271 | D:9      | Noticed Erolcha
  7278 | D:8      | Killed a troll
  7379 | D:9      | Found a staircase to the Orcish Mines.
  7391 | D:9      | Noticed a troll
  7573 | D:9      | Found Vinapoa's Antique Armour Shop.
  7655 | D:9      | Noticed a manticore
  7662 | D:9      | Killed a manticore
  7668 | D:9      | Reached XP level 10. HP: 59/84 MP: 16/16
  7793 | D:9      | Found a staircase to the Lair.
  7807 | D:9      | Reached skill level 12 in Axes
  7932 | D:9      | Noticed a two-headed ogre
  8049 | D:8      | Killed a two-headed ogre
  8543 | D:9      | Noticed a boulder beetle
  8560 | D:9      | Mangled by a boulder beetle

Illustrated notes

Levels and vault maps discovered:
D:1:      psy_arrival_conway, layout_basic
D:2:      layout_loops_cross, minmay_pentomino_q4, uniq_natasha, uniq_terence,
          uniq_jessica
D:3:      layout_loops_cross, kennysheep_vampire_church,
          mainiacjoe_overflow_swirl
D:4:      layout_loops_cross, general_overflow_altar, temple_fountains,
          minmay_lizard_king
D:5:      layout_basic, tso_metal_star, overflow_temple_1_default,
          cheibrodos_sewer_entry_bend, uniq_ijyb
D:6:      layout_loops_ring, kennysheep_mini_moat, mainiacjoe_overflow_alcove_1,
          gammafunk_ghost_smash
D:7:      layout_gridville, lemuel_tele_altar,
          grunt_temple_overflow_lords_of_destruction, serial_shops, shop_statue
D:8:      layout_loops_ring, minmay_increasing_density
D:9:      layout_loops_ring, erik_lair_island, orc_0_dummy, serial_shops,
          nicolae_shop_waterfront, uniq_erolcha
Temple:   zaba_magenta_temple

Skill      XL: |  1  2  3  4  5  6  7  8  9 10 |
---------------+-------------------------------+-----
Spellcasting   | 1 2 3 4 |  4.2
Axes           | 3 5 6 7 9 11 12 | 12.4
Fighting       | 4 5 6 7 |  7.0
Shields        | 4 |  4.0
Stealth        | 1 2 |  2.5
Dodging        | 3 |  3.9

Action                   |  1- 3 |  4- 6 |  7- 9 | 10-12 || total
-------------------------+-------+-------+-------+-------++-------
Melee: War axe           |    55 |    90 |   308 |    35 ||   488
       Tailslap          |     3 |     6 |    28 |     4 ||    41
Invok: Divine Shield     |       |       |     1 |       ||     1
 Abil: Breathe Steam     |       |       |     3 |     2 ||     5
  Use: Scroll            |       |     8 |     7 |       ||    15
       Potion            |       |       |     1 |     1 ||     2
 Stab: Sleeping          |       |     1 |     3 |       ||     4
Armor: Skin              |    21 |    38 |   107 |    15 ||   181
Dodge: Dodged            |    48 |    78 |   152 |    18 ||   296
Block: Buckler           |     7 |    22 |    61 |     5 ||    95

Table legend: (Time is in decaauts)
 A = Elapsed time spent in this place.
 B = Non-inter-level travel time spent in this place.
 C = Inter-level travel time spent in this place.
 D = Time resting spent in this place.
 E = Time spent auto-exploring this place.
 F = Levels seen in this place.
 G = Mean time per level.
                   A        B        C        D        E       F      G
               +--------+--------+--------+--------+--------+-----+--------+
         Total |   8675 |   8336 |    339 |   1487 |   5238 |  11 |  788.6 |
       Dungeon |   8127 |   7835 |    292 |   1487 |   4871 |   9 |  903.0 |
        Temple |    101 |     54 |     47 |      0 |     50 |   1 |  101.0 |
         Sewer |    446 |    446 |      0 |      0 |    316 |   1 |  446.0 |
               +--------+--------+--------+--------+--------+-----+--------+

Top non-repeatable levels by time:
     D:8: 1685 daAuts
     D:7: 1140 daAuts
     D:6: 993 daAuts
     D:1: 912 daAuts
     D:3: 764 daAuts
     D:4: 716 daAuts
     D:2: 696 daAuts
     D:5: 620 daAuts
     D:9: 596 daAuts
   Sewer: 446 daAuts
  Temple: 101 daAuts
